 Dungeon Crawl Stone Soup version 0.28-a0-1429-gf3d713df7a (webtiles) character file.

Game seed: 4661587912460270311

130 zap2161 the Covered (level 5, -1/33 HPs)
             Began as a Gargoyle Fighter on Jan 8, 2022.
             Was an Initiate of Yredelemnul.
             Slain by a steam dragon (7 damage)
             ... on level 4 of the Dungeon.
             The game lasted 00:18:11 (1660 turns).

zap2161 the Covered (Gargoyle Fighter)              Turns: 1660, Time: 00:18:13

Health: -1/33      AC: 12    Str: 22    XL:     5   Next: 13%
Magic:  5/5        EV:  9    Int:  8    God:    Yredelemnul [......]
Gold:   64         SH:  4    Dex:  9    Spells: 2/4 levels left

rFire   . . .      SeeInvis .   a - +0 flail
rCold   . . .      Faith    .   c - +0 buckler
rNeg    + . .      Spirit   .   b - +0 scale mail
rPois   ∞          Reflect  .   (no helmet)
rElec   +          Harm     .   (no cloak)
rCorr   .          Rampage  .   f - +0 pair of gloves
Will    .....                   (no boots)
Stlth   ..........              (no amulet)
HPRegen 0.11/turn               (no ring)
MPRegen 0.09/turn               (no ring)

@: mighty
A: sickness immunity, AC +4, negative energy resistance 1, electricity
resistance, torment resistance 1, petrification resistance
a: Renounce Religion, Recall Undead Harvest


You were on level 4 of the Dungeon.
You worshipped Yredelemnul.
Yredelemnul was noncommittal.
You visited 1 branch of the dungeon, and saw 5 of its levels.

You collected 64 gold pieces.

Inventory:

Hand Weapons
 a - a +0 flail (weapon)
 i - a +0 dagger of speed
 o - a +2 whip of holy wrath
Missiles
 e - 58 stones
 n - 15 poisoned darts
Armour
 b - a +0 scale mail (worn)
 c - a +0 buckler (worn)
 f - a +0 pair of gloves (worn)
 m - a +0 kite shield
Scrolls
 d - a scroll of teleportation {unknown}
 g - a scroll of magic mapping {unknown}
 k - 3 scrolls of blinking {unknown}
 l - a scroll of fear {unknown}
 p - a scroll of immolation {unknown}
Potions
 j - a potion of berserk rage {unknown}


   Skills:
 + Level 3.6 Fighting
 + Level 3.6 Maces & Flails
 + Level 4.2 Armour
 + Level 0.5 Dodging
 + Level 3.9 Shields
 + Level 0.1 Invocations


You had 2 spell levels left.
You knew the following spells:

 Your Spells              Type           Power      Damage    Failure   Level
a - Wereblood             Tmut           0%         N/A       91%         2

Your spell library contained the following spells:

 Spells                   Type           Power      Damage    Failure   Level
 Olgreb's Toxic Radiance  Pois           0%         N/A       100%        4
 Ozocubu's Refrigeration  Ice            0%         4d5       100%        7
 Summon Hydra             Summ           0%         N/A       100%        7
 Ignition                 Fire           0%         3d3       100%        8
 Sublimation of Blood     Necr           Unusable   N/A       N/A         2

Dungeon Overview and Level Annotations

Branches:
Dungeon (5/15)
 Temple: D:4-7

Altars:
Vehumet
Yredelemnul


Innate Abilities, Weirdness & Mutations

You are immune to sickness and miasma.
Your stone body is resilient. (AC +4)
You are immune to poison.
You resist negative energy. (rN+)
You are resistant to electric shocks. (rElec)
You are resistant to unholy torment.
You are immune to petrification.


Message History

Okay, then.
Okay, then.
Aiming: Polymorph
Press: ? - help, Q - select action, (/) - cycle Shift-Dir - straight line, f - steam dragon
Aim: a steam dragon (will become a swamp drake, a sky beast, or a killer bee, chance to affect: 49%)
The steam dragon resists with some effort.
The steam dragon breathes steam at you. The ball of steam hits you.
You are engulfed in a cloud of scalding steam.
You are engulfed in a cloud of scalding steam.
Aiming: Polymorph
Press: ? - help, Q - select action, (/) - cycle Shift-Dir - straight line, f/p - steam dragon
Aim: a steam dragon (will become a swamp drake, a sky beast, or a killer bee, chance to affect: 49%)
The steam dragon resists with some effort.
You are engulfed in a cloud of scalding steam.
Aiming: Polymorph
Press: ? - help, Q - select action, (/) - cycle Shift-Dir - straight line, f/p - steam dragon
Aim: a steam dragon (will become a swamp drake, a sky beast, or a killer bee, chance to affect: 49%)
The steam dragon resists with some effort.
The steam dragon breathes steam at you. The ball of steam misses you.
Aiming: Polymorph
Press: ? - help, Q - select action, (/) - cycle Shift-Dir - straight line, f/p - steam dragon
Aim: a steam dragon (steam, catching its breath, will become a swamp drake, a sky beast, or a killer bee, chance to affect: 49%)
The steam dragon resists with some effort.
The now-empty wand crumbles to dust.
You feel very mighty all of a sudden. The steam dragon breathes steam at you.
The ball of steam hits you but does no damage.
You are engulfed in a cloud of scalding steam.
The steam dragon bites you.
* * * LOW HITPOINT WARNING * * *
The steam dragon claws you but does no damage.
You sock the steam dragon!
The steam dragon is severely wounded.
You are engulfed in a cloud of scalding steam.
* * * LOW HITPOINT WARNING * * *
The steam dragon bites you!
You die...
Your body rises from the dead as a mindless zombie.

#.#
#.#
#.#
#.#
#.#
#§#
#.#
#§#
#@#
###D#
#...#
#.###
#.#
#.#
#.#
#§#
#D#


You could see a steam dragon (catching breath).

Vanquished Creatures
  A jelly (D:5)
  2 adders (D:2)
  2 ball pythons (D:4)
  A goblin (D:2)
  2 hobgoblins (D:1)
  9 jackals (D:1)
  6 kobolds
  2 quokkas
  2 bats
  A frilled lizard (D:2)
  A rat (D:2)
29 creatures vanquished.

Vanquished Creatures (collateral kills)
  4 adders
  A dart slug (D:1)
  An endoplasm (D:2)
  3 goblins
  2 hobgoblins
  A kobold (D:2)
  A frilled lizard (D:1)
13 creatures vanquished.

Vanquished Creatures (others)
  An adder zombie (D:2)
  A bat zombie (D:1)
  A goblin zombie (D:2)
  A kobold zombie (D:3)
  2 fungi
  2 plants (D:1)
8 creatures vanquished.

Grand Total: 50 creatures vanquished

Notes
Turn   | Place    | Note
-------+----------+-------------------------------------------
     0 | D:1      | zap2161 the Gargoyle Fighter began the quest for the Orb.
     0 | D:1      | Reached XP level 1. HP: 14/14 MP: 1/1
    87 | D:1      | Found a faded altar of an unknown god.
    92 | D:1      | Reached XP level 2. HP: 19/19 MP: 2/2
   128 | D:1      | Prayed at the altar of an unknown god.
   128 | D:1      | Became a worshipper of Yredelemnul the Dark
   128 | D:1      | Reached * piety under Yredelemnul
   706 | D:1      | Reached XP level 3. HP: 23/23 MP: 1/3
   744 | D:2      | Learned a level 2 spell: Wereblood
   757 | D:2      | Found a radiant altar of Vehumet.
  1047 | D:2      | Reached XP level 4. HP: 24/28 MP: 4/4
  1068 | D:2      | Reached skill level 4 in Armour
  1097 | D:2      | Reached ** piety under Yredelemnul
  1515 | D:3      | You fall into a shaft and drop 2 floors!
  1515 | D:5      | Entered Level 5 of the Dungeon
  1527 | D:5      | Reached XP level 5. HP: 20/33 MP: 2/5
  1647 | D:4      | Noticed a steam dragon
  1660 | D:4      | Slain by a steam dragon

Illustrated notes

Levels and vault maps discovered:
D:1:      dpeg_arrival_pond, layout_loops_corners,
          shapermc_ecumenical_altar_ellora
D:2:      layout_basic, basic_altar, minmay_stone_trees_small,
          minmay_misc_feat_doors, grunt_ministairs_10, uniq_crazy_yiuf_cottage
D:3:      layout_loops_ring, dk_noncrumbling_4, grunt_ministairs_9, uniq_ijyb
D:4:      layout_loops_ring, gammafunk_ghost_split
D:5:      layout_loops_ring, gup_sewer_entry_bowl, uniq_duvessa

Skill      XL: |  1  2  3  4 |
---------------+-------------+-----
Maces & Flails | 3 |  3.6
Armour         | 4 |  4.2
Fighting       | |  3.6
Dodging        | |  0.5
Shields        | |  3.9
Invocations    | |  0.1

Action                   |  1- 3 |  4- 6 || total
-------------------------+-------+-------++-------
Melee: Flail             |    99 |    39 ||   138
Invok: Recall Undead Har |     1 |     2 ||     3
       Dark Bargain      |       |     1 ||     1
Evoke: Wand              |       |     4 ||     4
  Use: Potion            |     1 |     1 ||     2
       Scroll            |     1 |       ||     1
Armor: Scale mail        |    65 |    18 ||    83
Dodge: Dodged            |    52 |    22 ||    74
Block: Buckler           |    25 |     7 ||    32

Table legend: (Time is in decaauts)
 A = Elapsed time spent in this place.
 B = Non-inter-level travel time spent in this place.
 C = Inter-level travel time spent in this place.
 D = Time resting spent in this place.
 E = Time spent auto-exploring this place.
 F = Levels seen in this place.
 G = Mean time per level.
                   A        B        C        D        E       F      G
               +--------+--------+--------+--------+--------+-----+--------+
         Total |   1703 |   1703 |      0 |      0 |      0 |   5 |  340.6 |
       Dungeon |   1703 |   1703 |      0 |      0 |      0 |   5 |  340.6 |
               +--------+--------+--------+--------+--------+-----+--------+

Top non-repeatable levels by time:
     D:2: 767 daAuts
     D:1: 728 daAuts
     D:4: 104 daAuts
     D:3: 60 daAuts
     D:5: 43 daAuts
